 Dungeon Crawl Stone Soup version 0.20.1-1-g8b1a95d (webtiles) character file.

60 tidbits the Grave Robber (level 3, -2/26 HPs)
             Began as a Demigod Necromancer on Aug 23, 2017.
             Slain by a centaur zombie (8 damage)
             ... on level 5 of the Dungeon.
             The game lasted 00:10:04 (1283 turns).

tidbits the Grave Robber (Demigod Necromancer)      Turns: 1283, Time: 00:10:05

Health: -2/26      AC:  2    Str: 11    XL:     3   Next: 55%
Magic:  6/8        EV: 12    Int: 21    God:
Gold:   98         SH:  0    Dex: 16    Spells: 1/6 levels left

rFire    . . .     SeeInvis .   x - +0 spear
rCold    . . .     Gourm    .   (no shield)
rNeg     . . .     Faith    .   i - +0 robe
rPois    +         Spirit   .   (no helmet)
rElec    .         Reflect  .   (no cloak)
rCorr    .         Harm     +   (no gloves)
MR       .....                  (no boots)
Stlth    ++........             d - amulet of harm
Regen    0.1/turn               s - ring of poison resistance
MPRegen  0.2/turn               (no ring)

@: no status effects
A: high mp 1
a: no special abilities


You were on level 5 of the Dungeon.
You were not hungry.

You visited 1 branch of the dungeon, and saw 5 of its levels.

You collected 98 gold pieces.

Inventory:

Hand Weapons
 a - a +0 whip
 j - a +0 mace
 x - a +0 spear (weapon)
Missiles
 f - 28 bolts
Armour
 e - a +0 buckler
 i - a +0 robe (worn)
 p - a +2 shield
Jewellery
 d - an amulet of harm (around neck)
   (You found it on level 1 of the Dungeon)
 s - a ring of poison resistance (left hand)
   (You found it on level 3 of the Dungeon)
Scrolls
 h - a scroll of enchant armour {unknown}
 k - a scroll of random uselessness {unknown}
 m - a scroll of teleportation {unknown}
 n - 2 scrolls of recharging {unknown}
 o - a scroll of noise {unknown}
 r - 2 scrolls of remove curse
 u - a scroll of amnesia {unknown}
 v - a scroll of magic mapping {unknown}
Potions
 q - a potion of cancellation
 t - 2 potions of haste {unknown}
 A - a potion of invisibility {unknown}
 B - a potion of curing {unknown}
Books
 b - a book of Necromancy

   Spells                             Type                      Level
   a - Pain                           Necromancy                   1
   b - Animate Skeleton               Necromancy                   1
   c - Vampiric Draining              Necromancy                   3
   d - Regeneration                   Charms/Necromancy            3
   e - Animate Dead                   Necromancy                   4
   f - Control Undead                 Necromancy                   4
 w - a book of Maledictions
   (You found it on level 3 of the Dungeon)

   Spells                             Type                      Level
   a - Corona                         Hexes                        1
   b - Ensorcelled Hibernation        Hexes/Ice                    2
   c - Confuse                        Hexes                        3
   d - Tukima's Dance                 Hexes                        3
   e - Dazzling Spray                 Conjuration/Hexes            3
Comestibles
 c - 4 bread rations
 g - 2 meat rations
 l - 2 royal jellies
 z - 3 fruits


   Skills:
 - Level 1.7 Dodging
 - Level 1.7 Stealth
 - Level 2.0 Spellcasting
 * Level 4.8 Necromancy


You had one spell level left.
You knew the following spells:

 Your Spells              Type           Power        Failure   Level  Hunger
n - Animate Skeleton      Necr           N/A          1%          1    #......
v - Vampiric Draining     Necr           ###.......   6%          3    ###....
z - Pain                  Necr           ###.         1%          1    #......


Dungeon Overview and Level Annotations

Branches:
Dungeon (5/15)
 Temple: D:4-7

Annotations:
D:2 Jessica, Sigmund, Terence
D:4 Blork the orc, Dowan


Innate Abilities, Weirdness & Mutations

You have an increased reservoir of magic. (+10% MP)


Message History

Aim: a jackal You reach to attack!
You hit the jackal.
The jackal is almost dead.
You closely miss the jackal.
The jackal is almost dead.
The jackal bites you. The jackal closely misses you.
You closely miss the jackal.
The jackal is almost dead.
The jackal barely misses you. The jackal misses you.
You closely miss the jackal.
The jackal is almost dead.
The jackal closely misses you. The jackal barely misses you.
The jackal misses you. The jackal barely misses you.
You closely miss the jackal.
The jackal is almost dead.
The jackal misses you. The jackal barely misses you.
Casting: Pain
Confirm with . or Enter, or press ? or * to list all spells.
Aiming: Pain
Press: ? - help, Shift-Dir - straight line, f/p - jackal
Aim: a jackal (almost dead, chance to defeat MR: 91%)
The jackal barely resists.
The jackal barks!
The jackal bites you. The jackal misses you. The jackal barely misses you.
You hit the jackal.
You kill the jackal!
The jackal barely misses you. The jackal bites you.
* * * LOW HITPOINT WARNING * * *
Casting: Pain
Confirm with . or Enter, or press ? or * to list all spells.
Aiming: Vampiric Draining
Press: ? - help, Shift-Dir - straight line, f - jackal
Aim: a jackal You kill the jackal!
You feel life coursing into your body. The jackal closely misses you.
The jackal bites you.
* * * LOW HITPOINT WARNING * * *
Casting: Vampiric Draining
Confirm with . or Enter, or press ? or * to list all spells.
Aiming: Vampiric Draining
Press: ? - help, Shift-Dir - straight line, f - jackal
Aim: a jackal You kill the jackal!
You feel life coursing into your body.
You see here a jackal corpse.
You now have 98 gold pieces (gained 15).
There is a stone staircase leading down here.
You climb downwards.
You hear the hiss of flowing sand.
There is an entrance to an ossuary on this level.
Hurry and find it before the portal is buried!
Found a scroll labeled ANNAQU SOETEW.
Found a stone staircase leading down.
There is a stone staircase leading up here.
m - a scroll labeled ANNAQU SOETEW
Found a fuming brown potion.
Found a stone staircase leading down.
B - a fuming brown potion A centaur zombie comes into view.
Found a bread ration.
As you read the scroll labeled MOMERI DEWITY, it crumbles to dust.
You feel blessed for a moment.
It was a scroll of remove curse.
Adjust (i)tems, (s)pells, or (a)bilities?
Adjust which item? (? for menu, Esc to quit)
h - 2 scrolls of remove curse Adjust to which letter? (? for menu, Esc to quit)
r - 2 scrolls of remove curse;
h - a scroll labeled WEACENG TEX QAA
Okay, then.
Found 12 gold pieces.
You hit the centaur zombie.
The centaur zombie is lightly damaged.
The centaur zombie barely misses you.
The centaur zombie hits you but does no damage.
You hit the centaur zombie.
The centaur zombie is lightly damaged.
The centaur zombie misses you.
You hit the centaur zombie.
The centaur zombie is moderately damaged.
The centaur zombie closely misses you.
You hit the centaur zombie but do no damage.
The centaur zombie is moderately damaged.
The centaur zombie closely misses you. The centaur zombie hits you.
You hit the centaur zombie.
The centaur zombie is moderately damaged.
The centaur zombie hits you.
You hit the centaur zombie.
The centaur zombie is heavily damaged.
The centaur zombie hits you.
* * * LOW HITPOINT WARNING * * *
The centaur zombie closely misses you.
You hit the centaur zombie.
The centaur zombie is heavily damaged.
The centaur zombie hits you but does no damage.
You hit the centaur zombie.
The centaur zombie is heavily damaged.
The centaur zombie hits you.
* * * LOW HITPOINT WARNING * * *
The centaur zombie closely misses you.
You hit the centaur zombie.
The centaur zombie is severely damaged.
The centaur zombie hits you!
You die...

.$. ..# ..#
# ..# #. ..
## #.#
.##...# ..#
##.%...#
#.###@######
#.#..Z......
#.#...#####
#.
#.#.......
#.#
#.#.#.####
#.# #.#.#...
#.#
#.#.#.###
#.# #.#.#..
#.# #.#.#


You could see a centaur zombie.

Vanquished Creatures
  A worm (D:2)
  3 dart slugs
  A leopard gecko (D:3)
  5 bats
  2 giant cockroaches
  4 goblins
  5 hobgoblins
  7 jackals
  5 kobolds
  2 ball pythons (D:3)
  2 frilled lizards (D:1)
  A jackal zombie (D:3)
  7 rats
45 creatures vanquished.

Vanquished Creatures (collateral kills)
  An orc (D:3)
  A giant cockroach (D:3)
2 creatures vanquished.

Grand Total: 47 creatures vanquished

Notes
Turn   | Place    | Note
-------+----------+-------------------------------------------
     0 | D:1      | tidbits the Demigod Necromancer began the quest for the Orb.
     0 | D:1      | Reached XP level 1. HP: 14/14 MP: 5/5
   144 | D:1      | Reached skill level 4 in Necromancy
   144 | D:1      | Reached XP level 2. HP: 2/20 MP: 2/7
   149 | D:1      | Learned a level 1 spell: Animate Skeleton
   219 | D:1      | Reached skill level 2 in Spellcasting
   669 | D:2      | Found a faded altar of an unknown god.
   672 | D:2      | Noticed Jessica
   708 | D:2      | Noticed Terence
   743 | D:2      | Reached XP level 3. HP: 11/26 MP: 4/8
   748 | D:2      | Learned a level 3 spell: Vampiric Draining
   770 | D:2      | Noticed Sigmund
   923 | D:3      | Found a glowing golden altar of the Shining One.
  1057 | D:3      | Found a hide-covered altar of Uskayaw.
  1114 | D:3      | Found a deep blue altar of Sif Muna.
  1160 | D:4      | Noticed Blork the orc
  1203 | D:4      | Noticed Dowan
  1249 | D:5      | Entered Level 5 of the Dungeon
  1283 | D:5      | Slain by a centaur zombie

Skill      XL: |  1  2 |
---------------+-------+-----
Necromancy     | 4 |  4.8
Spellcasting   | 2 |  2.0
Dodging        | |  1.7
Stealth        | |  1.7

Action                   || total
-------------------------++-------
Melee: Unarmed           ||     7
       Whip              ||    16
       Spear             ||    15
 Cast: Pain              ||    68
       Animate Skeleton  ||     4
       Vampiric Draining ||     2
  Use: Scroll            ||     3
  Eat: Chunk             ||     2
Armor: Robe              ||    13
Dodge: Dodged            ||    51

Table legend:
 A = Turns spent in this place as a percentage of turns spent in the entire game.
 B = Non-inter-level travel turns spent in this place as a percentage of non-inter-level travel turns spent in the entire game.
 C = Inter-level travel turns spent in this place as a percentage of turns spent in this place.
 D = Turns resting spent in this place as a percentage of non-inter-level travel turns spent in this place.
 E = Turns spent auto-exploring this place as a percentage of non-inter-level travel turns spent in this place.
 F = Non-inter-level travel turns spent in this place divided by the number of levels of this place that you've seen.
                   A       B       C       D       E      F
               +-------+-------+-------+-------+-------+----------------------
         Total | 100.0 | 100.0 |   0.1 |   0.0 |   0.0 | 232.4
       Dungeon | 100.0 | 100.0 |   0.1 |   0.0 |   0.0 | 232.4
               +-------+-------+-------+-------+-------+----------------------

Table legend:
 A = Kills in this place as a percentage of kills in entire the game.
 B = Kills by you in this place as a percentage of kills by you in the entire game.
 C = Kills by friends in this place as a percentage of kills by friends in the entire game.
 D = Other kills in this place as a percentage of other kills in the entire game.
 E = Experience gained in this place as a percentage of experience gained in the entire game.
 F = Experience gained in this place divided by the number of levels of this place that you have seen.
                   A       B       C       D       E      F
               +-------+-------+-------+-------+-------+----------------------
         Total | 100.0 | 100.0 | 100.0 |  -nan | 100.0 |  17.2
       Dungeon | 100.0 | 100.0 | 100.0 |  -nan | 100.0 |  17.2
               +-------+-------+-------+-------+-------+----------------------

Vault maps used:
D:1:      sevenhm_arrival_forest_fort_small_4
D:2:      chequers_ecumenical_altar_simple, uniq_jessica,
          uniq_crazy_yiuf_cottage, uniq_terence, uniq_sigmund
D:3:      lemuel_crystal_altar, eat_drink_and_be_merry_uskayaw,
          gammafunk_temple_overflow_forgotten, kennysheep_flooded_box,
          kennysheep_nondescript, uniq_grinder
D:4:      minmay_temple_entry_mist, minmay_checkerbox, uniq_duvessa,
          uniq_menkaure, uniq_blork_the_orc
D:5:      kiku_gazebo_garden_becter, first_bread, enter_ossuary_2, tgw_xom
